Map: Distant Plane

Players

CptOB

  • Race: Terran Terran
  • League: Diamond
  • Spawn Location: 11:00

Fredzouille

  • Race: Protoss Protoss
  • Spawn Location: 11:00

Satana

  • Race: Zerg Zerg
  • League: Platinum
  • Spawn Location: 5:00

ZAhmed

  • Race: Zerg Zerg
  • League: Diamond
  • Spawn Location: 5:00

VOD

Have the link to the VOD?

Description

Time

  • Played on: Dec. 26, 2016, 5:31 a.m.
  • Length: 11:41
Show
View Real Time Build Order
Export as new Build Order

CptOB Terran 

Build Orders: MMM Bio 

Get SALT Encoding   

  12  0:01  SCV  
  13  0:13  SCV  
  14  0:19  Supply Depot  
  14  0:25  SCV  
  15  0:41  SCV  
  16  0:45  Barracks  
  16  0:50  Refinery  
  16  0:53  SCV  
  17  1:05  SCV  
  18  1:17  SCV  
  19  1:32  Orbital Command  
  19  1:35  Refinery  
  19  1:36  Barracks, Barracks Reactor  
  19  1:41  Supply Depot  
  19  1:59  SCV  
  20  2:07  Factory  
  20  2:11  SCV  
  20  2:12  Marine x2  
  23  2:23  SCV  
  23  2:24  Barracks Tech Lab  
  24  2:30  Marine x2, Supply Depot  
  26  2:38  SCV  
  26  2:44  Marine, Stimpack  
  28  2:53  Starport  
  28  2:54  Marine  
  28  2:57  Factory Reactor  
  29  2:59  Marine  
  29  3:02  SCV  
  29  3:05  Marine  
  31  3:13  Marine, Supply Depot  
  31  3:17  Marine  
  33  3:28  Marine  
  33  3:32  Marine  
  35  3:37  Marine  
  35  3:38  Medivac x2  
  40  3:41  SCV  
  40  3:45  Supply Depot  
  40  3:46  Marine  
  42  3:51  Marine, Factory Tech Lab  
  43  4:02  SCV  
  44  4:03  Marine  
  45  4:20  Siege Tank  
  48  4:42  Command Center  
  48  4:44  Combat Shields  
  48  4:46  Medivac  
  48  5:07  Marine  
  48  5:08  Marine  
  49  5:14  SCV  
  49  5:15  Siege Tank  
  49  5:16  Marine  
  54  5:25  Marine  
  55  5:30  Medivac, Supply Depot x2  
  57  5:45  Engineering Bay  
  55  5:50  Widow Mine  
  55  5:57  Orbital Command  
  55  5:58  SCV  
  55  6:01  Marine x3  
  59  6:16  Missile Turret  
  59  6:20  Missile Turret  
  59  6:24  Missile Turret  
  59  6:25  Marine  
  60  6:30  SCV x2  
  62  6:49  Viking x2  
  66  6:57  SCV x2  
  66  6:58  Siege Tank  
  66  7:00  Terran Infantry Weapons Level 1  
  66  7:01  Marine x2  
  73  7:09  SCV x2, Marine  
  76  7:19  Marine, Refinery  
  76  7:21  SCV  
  76  7:22  Marine  
  79  7:27  Marine, Barracks  
  80  7:39  Marine  
  80  7:40  Marine, SCV  
  80  7:44  SCV, Missile Turret  
  84  7:45  Missile Turret, Refinery  
  84  7:46  Marauder  
  84  7:47  Missile Turret  
  84  7:50  Siege Tank  
  89  7:54  Supply Depot  
  89  7:57  Supply Depot  
  89  8:01  SCV  
  89  8:02  SCV  
  91  8:12  Missile Turret  
  91  8:23  Missile Turret  
  91  8:24  Marine x2  
  91  8:25  SCV  
  94  8:27  Missile Turret  
  94  8:30  SCV  
  94  8:32  Barracks Tech Lab  
  94  8:33  Siege Tank  
  98  8:37  SCV, Viking  
  98  8:41  Supply Depot  
  101  8:45  SCV, Marine  
  103  8:49  SCV  
  104  8:57  Marauder x2  
  108  9:03  Supply Depot  
  108  9:05  Supply Depot  
  106  9:10  SCV x2  
  106  9:12  Marine  
  106  9:13  Marine  
  106  9:14  Medivac  
  112  9:18  Marauder  
  114  9:30  SCV x2  
  116  9:34  Marine x2, Marauder  
  120  9:39  Marine  
  119  9:51  Marine  
  119  9:52  Marine  
  121  9:53  Supply Depot  
  121  9:55  SCV, Liberator x2, Marauder  
  121  9:56  SCV  
  125  10:12  Siege Tank  
  134  10:32  Command Center  
  134  10:37  Missile Turret  
  130  10:43  Marine  
  130  10:44  Marine x2, Marauder  
  122  11:01  Marine x2  
  124  11:11  SCV, Missile Turret  
  122  11:15  Marine x2, Missile Turret  
  122  11:16  Missile Turret  
  128  11:19  Marine  
  128  11:22  Missile Turret  
  128  11:24  Missile Turret  
  121  11:27  Missile Turret  
Show
View Real Time Build Order
Export as new Build Order

Fredzouille Protoss 

Build Orders:  

Get SALT Encoding   

  12  0:01  Probe (Chrono Boost)  
  13  0:12  Probe (Chrono Boost)  
  14  0:21  Pylon  
  14  0:26  Probe (Chrono Boost)  
  15  0:31  Assimilator  
  15  0:39  Probe (Chrono Boost)  
  16  0:50  Gateway  
  16  0:54  Probe (Chrono Boost)  
  17  1:04  Probe (Chrono Boost)  
  17  1:05  Pylon  
  18  1:15  Probe (Chrono Boost)  
  20  1:25  Probe (Chrono Boost)  
  20  1:26  Assimilator  
  20  1:36  Probe (Chrono Boost)  
  20  1:38  Cybernetics Core  
  21  1:46  Probe (Chrono Boost)  
  22  1:57  Probe (Chrono Boost)  
  23  2:15  Pylon  
  23  2:17  Stargate  
  23  2:20  Protoss Air Weapons Level 1  
  23  2:29  Mothership Core (Chrono Boost)  
  25  2:55  Void Ray  
  29  3:17  Forge  
  29  3:24  Pylon  
  29  3:43  Void Ray  
  33  4:08  Photon Cannon  
  33  4:21  Void Ray  
  37  4:31  Protoss Air Armor Level 1  
  37  4:40  Photon Cannon  
  37  4:52  Pylon  
  37  4:58  Void Ray  
  41  5:17  Nexus  
  41  5:35  Void Ray  
  41  6:13  Void Ray  
  41  6:17  Photon Cannon  
  41  6:19  Photon Cannon  
  41  6:22  Photon Cannon  
  41  6:24  Photon Cannon  
  45  6:27  Photon Cannon  
  45  6:29  Photon Cannon  
  29  7:08  Phoenix  
  27  7:20  Photon Cannon  
  27  7:21  Photon Cannon  
  27  7:25  Pylon  
  27  7:28  Pylon  
  27  7:33  Phoenix  
  29  7:43  Pylon  
  29  7:50  Fleet Beacon  
  29  7:54  Probe (Chrono Boost)  
  29  7:55  Phoenix  
  32  8:12  Photon Cannon  
  32  8:18  Phoenix  
  34  8:39  Phoenix  
  34  9:13  Probe (Chrono Boost)  
  35  9:19  Carrier  
  35  9:20  Pylon  
  35  9:22  Pylon  
  35  9:23  Probe (Chrono Boost)  
  42  9:34  Probe (Chrono Boost)  
  43  9:44  Probe (Chrono Boost)  
  44  9:55  Probe (Chrono Boost)  
  45  10:00  Graviton Catapult  
  45  10:06  Probe (Chrono Boost)  
  46  10:11  Assimilator  
  46  10:17  Probe (Chrono Boost)  
  47  10:28  Probe (Chrono Boost)  
Show
View Real Time Build Order
Export as new Build Order

Satana Zerg 

Build Orders: Hatch First 

Get SALT Encoding   

  12  0:01  Drone  
  13  0:08  Drone  
  14  0:16  Extractor  
  14  0:18  Drone  
  15  0:25  Overlord  
  15  0:44  Drone x2  
  15  0:47  Drone  
  18  1:04  Drone  
  19  1:06  Drone  
  19  1:11  Hatchery  
  19  1:20  Extractor  
  19  1:23  Spawning Pool  
  19  1:25  Drone  
  18  1:30  Drone  
  19  1:57  Overlord  
  19  2:10  Queen  
  19  2:13  Zergling x2  
  22  2:16  Zergling x2  
  23  2:23  Queen  
  23  2:24  Metabolic Boost  
  23  2:26  Drone x2  
  23  2:27  Overlord  
  27  2:40  Drone  
  28  2:46  Roach Warren  
  27  2:56  Drone x2  
  29  3:02  Spine Crawler  
  29  3:04  Spine Crawler  
  27  3:08  Drone  
  27  3:09  Drone  
  27  3:10  Drone x2  
  31  3:17  Drone  
  32  3:20  Spine Crawler  
  32  3:22  Drone  
  32  3:28  Roach  
  34  3:58  Drone x2  
  34  3:59  Drone  
  37  4:10  Roach x3  
  37  4:12  Overlord x2  
  43  4:42  Roach x8  
  43  4:44  Overlord  
  59  4:59  Zergling x2  
  54  5:00  Zergling x2  
  53  5:19  Spore Crawler  
  52  5:22  Spore Crawler x2  
  52  5:26  Spore Crawler  
  52  5:28  Zergling x8  
  49  5:29  Zergling x10  
  54  5:50  Overlord x2  
  51  6:20  Drone, Hatchery  
  51  6:43  Lair, Extractor  
  51  6:44  Hatchery  
  43  6:48  Roach x3  
  49  6:58  Drone x3  
  52  7:33  Queen  
  52  7:34  Drone  
  52  7:35  Drone x4  
  59  7:42  Baneling Nest  
  58  7:50  Drone x5  
  63  8:00  Queen  
  65  8:06  Overlord  
  65  8:14  Drone, Extractor  
  65  8:18  Drone x3, Overlord  
  65  8:19  Overlord  
  68  8:20  Roach x4  
  68  8:26  Zergling x2  
  68  8:27  Zergling x2  
  78  8:33  Drone  
  79  8:44  Zergling x12  
  79  8:47  Centrifical Hooks  
  85  8:51  Overseer  
  85  8:53  Evolution Chamber  
  85  8:55  Drone  
  85  8:56  Spore Crawler  
  85  8:59  Spore Crawler  
  83  9:07  Extractor  
  82  9:10  Zergling x2  
  82  9:11  Zergling x10  
  82  9:16  Baneling  
  88  9:17  Baneling x11  
  88  9:26  Roach x5  
  88  9:30  Drone  
  99  9:31  Drone  
  96  10:06  Drone x2  
  100  10:07  Drone x4  
  100  10:09  Extractor  
  100  10:11  Extractor  
  100  10:17  Evolution Chamber  
  99  10:27  Drone x3, Spire  
  99  10:28  Drone x2  
  103  10:29  Hatchery, Infestation Pit  
  103  10:30  Drone x2  
  82  10:46  Zergling x2  
  82  10:47  Zergling x18  
  59  10:57  Queen  
  61  11:05  Zergling x6  
  61  11:06  Zergling x8  
  61  11:09  Baneling x2  
  61  11:10  Baneling x2  
  66  11:11  Baneling  
  66  11:12  Baneling  
  66  11:22  Zergling x10  
Show
View Real Time Build Order
Export as new Build Order

ZAhmed Zerg 

Build Orders: Hatch First 

Get SALT Encoding   

  12  0:01  Drone  
  13  0:14  Overlord  
  13  0:19  Drone  
  14  0:34  Drone x2  
  16  0:37  Drone  
  17  1:00  Drone  
  17  1:02  Hatchery  
  17  1:03  Extractor  
  16  1:05  Drone  
  17  1:21  Spawning Pool  
  16  1:27  Drone x2  
  19  1:32  Drone  
  19  1:56  Drone x2  
  21  2:11  Overlord  
  21  2:12  Queen, Extractor  
  21  2:15  Queen  
  24  2:36  Drone x6  
  30  2:48  Lair  
  30  3:02  Drone  
  30  3:03  Drone x3  
  34  3:06  Extractor  
  34  3:07  Extractor  
  32  3:14  Drone x2  
  32  3:19  Overlord  
  34  3:37  Drone x3  
  34  3:38  Drone x3  
  40  4:00  Spire  
  40  4:01  Drone x3  
  40  4:02  Drone x2  
  44  4:07  Spore Crawler  
  43  4:16  Spore Crawler  
  42  4:24  Overlord x2  
  42  4:40  Overlord  
  37  5:14  Mutalisk x5  
  37  5:15  Mutalisk x5  
  57  5:25  Mutalisk  
  57  5:27  Overlord  
  57  5:51  Mutalisk x3  
  63  6:11  Mutalisk  
  65  6:38  Hatchery  
  46  7:17  Mutalisk x3  
  52  7:41  Queen  
  52  7:42  Drone x2  
  52  7:43  Drone  
  58  7:44  Drone x3  
  60  7:53  Drone  
  60  7:54  Drone  
  60  7:55  Queen  
  60  7:56  Drone  
  63  8:29  Mutalisk x5  
  63  8:31  Overlord x4  
  57  9:12  Spore Crawler  
  57  9:13  Spore Crawler x2  
  57  9:14  Drone x3  
  57  9:15  Drone x8  
  57  9:16  Drone x7  
  72  9:18  Spore Crawler  
  72  9:21  Spore Crawler x2  
  72  9:23  Spore Crawler  
  68  9:27  Spore Crawler  
  68  9:29  Spore Crawler  
  68  9:30  Corruptor x3  
  72  9:49  Corruptor x6  
  84  9:53  Extractor  
  84  9:54  Extractor  
  82  10:04  Spore Crawler  
  82  10:06  Mutalisk x2  
  85  10:15  Drone x6  
  85  10:55  Mutalisk x3  
  85  10:56  Mutalisk x4  
Tags
 
Add a new tag
Caveats
  • Supply blocks, unpowered buildings, or Contaminate may cause inaccurate times.
  • Supply counts are checked every 10 seconds.